 Dungeon Crawl Stone Soup version 0.31-a0-1071-gaead2f62b1 (webtiles) character file.

Game seed: 14538136656142647309

55020 Jeffwins the Grappler (level 14, 0/119 HPs)
             Began as a Troll Conjurer on Nov 25, 2023.
             Was the Champion of Hepliaklqana.
             Slain by a ten-headed hydra (5 damage)
             ... while petrified by a basilisk
             ... on level 5 of the Lair of Beasts on Nov 26, 2023.
             The game lasted 00:39:00 (15637 turns).

Jeffwins the Grappler (Troll Conjurer)             Turns: 15637, Time: 00:39:01

Health: 0/119      AC: 10    Str: 18    XL:     14   Next: 36%
Magic:  17/18      EV:  1    Int: 18    God:    Hepliaklqana [******]
Gold:   1070       SH:  0    Dex:  8    Spells: 11/20 levels left

rFire   + .          .
                       - Unarmed
rCold   . . .        (no shield)
rNeg    + + +        S - +0 swamp dragon scales
rPois   ∞            O - -2 hat of Vanity {+Inv rElec Regen+ Slay+4}
rElec   +            q - +0 cloak
rCorr   .            (gloves unavailable)
SInv    .            (boots unavailable)
Will    +....        g - amulet of regeneration
Stlth   +            D - ring of Asiagow {rPois rF+ Will- Slay+3}
HPRegen 2.79/turn    I - ring of willpower
MPRegen 0.16/turn

%: no passive effects
@: mighty, about to teleport, petrified, wereblooded, hasted
A: reduced essence, large, unfitting armour, claws 3, regeneration 1, shaggy fur
1, tough skin 1
a: Renounce Religion, Evoke Invisibility, Recall Ancestor, Ancestor Identity,
Transference, Idealise


You were on level 5 of the Lair of Beasts.
You worshipped Hepliaklqana.
Hepliaklqana was exalted by your worship.
You visited 3 branches of the dungeon, and saw 18 of its levels.
You also visited: Sewer and Ice Cave.

You collected 1474 gold pieces.
You spent 404 gold pieces at shops.


Innate Abilities, Weirdness & Mutations

Your life essence is reduced to manifest your ancestor. (-10% HP)
You are too large for most types of armour.
You have claws for hands.
Your natural rate of healing is unusually fast.
You are covered in fur. (AC +1)
You have tough skin. (AC +1)


   Skills:
 + Level 7.3 Fighting
 + Level 7.1 Throwing
 - Level 6.0 Armour
 - Level 1.5 Dodging
 - Level 1.0 Stealth
 * Level 12.0 Unarmed Combat
 + Level 3.6 Spellcasting
 - Level 2.9 Conjurations
 + Level 3.5 Translocations
 + Level 4.7 Transmutations
 * Level 5.6 Poison Magic
 + Level 4.6 Invocations
 + Level 4.6 Evocations
 - Level 10.0 Shapeshifting


You had 11 spell levels left.
You knew the following spells:

 Your Spells              Type           Power      Damage    Failure   Level
o - Olgreb's Toxic Radia  Pois           23%        N/A       24%         4
z - Wereblood             Tmut           20%        N/A       5%          2
I - Blink                 Tloc           32%        N/A       9%          2
X - Magic Dart            Conj           56%        1d5       8%          1

Your spell library contained the following spells:

 Spells                   Type           Power      Damage    Failure   Level
 Lesser Beckoning         Tloc           32%        N/A       9%          2
 Momentum Strike          Conj/Tloc      30%        3d8       10%         2
 Searing Ray              Conj           28%        2d5       12%         2
 Volatile Blastmotes      Fire/Tloc      18%        2d11      36%         3
 Dazzling Flash           Conj/Hex       16%        N/A       38%         3
 Iskenderun's Mystic Bla  Conj/Tloc      15%        2d5       54%         4
 Inner Flame              Hex/Fire       3%         N/A       61%         3
 Fulminant Prism          Conj/Hex       4%         3d5       80%         4
 Irradiate                Conj/Tmut      8%         3d14      82%         5
 Cause Fear               Hex            1%         N/A       95%         4
 Yara's Violent Unravell  Hex/Tmut       5%         3d4       95%         5
 Fireball                 Conj/Fire      4%         3d4       98%         5
 Enfeeble                 Hex            1%         N/A       100%        7
 Discord                  Hex            1%         N/A       100%        8
 Ignition                 Fire           1%         3d3       100%        8
 Dragon's Call            Summ           1%         N/A       100%        9

Inventory:

Hand Weapons
 K - the +11 trident of the Enormous God {drain, Fragile rElec Will+}
   (You found it on level 5 of the Dungeon)

   rElec:     It insulates you from electricity.
   Will+:     It increases your willpower.
   Fragile:   It will be destroyed if unequipped.
Missiles
 p - 28 poisoned darts
 F - 6 curare-tipped darts {=f}
Armour
 f - a +2 troll leather armour {Snorg}
 o - an orb of wrath
 q - a +0 cloak (worn)
 H - +0 fire dragon scales
 O - the -2 hat of Vanity (worn) {+Inv rElec Regen+ Slay+4}
   (You found it on level 6 of the Dungeon)

   Slay+4:    It affects your accuracy & damage with ranged weapons and melee
   (+4).
   rElec:     It insulates you from electricity.
   +Inv:      It lets you turn invisible.
   Regen+:    It increases your rate of health regeneration.
 S - +0 swamp dragon scales (worn)
Magical Staves
 w - a staff of cold
Jewellery
 g - an amulet of regeneration (around neck)
 D - the ring of Asiagow (left claw) {rPois rF+ Will- Slay+3}
   (You found it on level 4 of the Dungeon)

   [ring of poison resistance]

   Slay+3:    It affects your accuracy & damage with ranged weapons and melee
   (+3).
   rF+:       It protects you from fire.
   rPois:     It protects you from poison Will-: It decreases your willpower.
 E - an amulet of reflection
 I - a ring of willpower (right claw)
 P - a ring of poison resistance
 R - a ring of resist corrosion
Talismans
 h - a flux talisman
 k - a blade talisman
 n - a serpent talisman
Wands
 d - a wand of charming (6)
 L - a wand of polymorph (35)
 N - a wand of flame (38)
 Q - a wand of mindburst (5)
 V - a wand of digging (7)
 Z - a wand of iceblast (11)
Scrolls
 c - 6 scrolls of identify {@r1}
 i - 3 scrolls of silence {!r}
 m - 6 scrolls of enchant weapon
 s - 3 scrolls of blinking
 v - 4 scrolls of fog
 y - 3 scrolls of amnesia
 z - 4 scrolls of immolation {!r}
 A - 4 scrolls of teleportation {@r4}
 B - 8 scrolls of revelation
 G - a scroll of poison
 U - a scroll of fear
 W - 2 scrolls of enchant armour
 Y - a scroll of brand weapon
Potions
 a - 3 potions of attraction {!q}
 b - a potion of magic
 j - 2 potions of might
 l - 2 potions of ambrosia
 r - 3 potions of mutation {!q}
 t - 2 potions of heal wounds {@q2}
 u - 3 potions of haste {@q3}
 x - 5 potions of enlightenment
 C - 7 potions of curing {@q1}
 J - 3 potions of resistance
 T - a potion of brilliance
 X - a potion of cancellation
Miscellaneous
 e - a phial of floods (inert)

Dungeon Overview and Level Annotations

Branches:
Dungeon (12/15)            Temple (1/1) D:4            Lair (5/5) D:11
 Shoals (0/4) Lair:3       Spider (0/4) Lair:2        Slime (0/5) Lair:4
    Orc (0/2) D:12          Sewer (visited)           IceCv (visited)

Altars:
Ashenzari
Cheibriados
Dithmenos
Elyvilon
Fedhas
Gozag
Hepliaklqana
Kikubaaqudgha
Makhleb
Nemelex Xobeh
Okawaru
Qazlal
Ru
Sif Muna
Trog
Uskayaw
Vehumet
Wu Jian
Xom
Yredelemnul
Zin
The Shining One
Jiyva

Shops:
D:2 [[!(   D:4 !   D:8 ?   D:9 [

Annotations:
Lair:5 Rupert

##..#.........
#....P.......
##............
##..Y..Y.......
#.....†........
###..@......#.... .
##.Y..Y..)........
....##.YD##..#.#.......
......F@.#######.......
......DF## .......
$l..#.F.. P.P.... ...
#F.#.. .P..... .. ....
P.. P... .F... ....
...... .(... ......
......


You could see Rupert, a ten-headed hydra, a four-headed hydra, 3 yaks, a
basilisk and 5 blink frogs.


Message History

The ten-headed hydra bites you.
* * * LOW HITPOINT WARNING * * *
The ten-headed hydra bites you!
* * * LOW HITPOINT WARNING * * *
The ten-headed hydra bites you!
* * * LOW HITPOINT WARNING * * *
The ten-headed hydra bites you but does no damage. x2
The yak gores you!
* * * LOW HITPOINT WARNING * * *
The basilisk gazes at you.
Your limbs have turned to stone.
You have turned to stone.
The four-headed hydra bites you.
* * * LOW HITPOINT WARNING * * *
The four-headed hydra bites you!
* * * LOW HITPOINT WARNING * * *
The four-headed hydra bites you but does no damage.
The four-headed hydra bites you.
* * * LOW HITPOINT WARNING * * *
The ten-headed hydra bites you!
* * * LOW HITPOINT WARNING * * *
The ten-headed hydra bites you.
* * * LOW HITPOINT WARNING * * *
The ten-headed hydra completely misses you.
The ten-headed hydra bites you.
* * * LOW HITPOINT WARNING * * *
The ten-headed hydra bites you but does no damage.
The ten-headed hydra bites you!
* * * LOW HITPOINT WARNING * * *
The ten-headed hydra bites you. x2; The ten-headed hydra bites you!
You die...

Skill      XL: |  1  2  3  4  5  6  7  8  9 10 11 12 13 14 |
---------------+-------------------------------------------+-----
Unarmed Combat | 1 2 3 4 5 6 8 9 10 11 12 | 12.0
Shapeshifting  | 1 2 3 4 5 6 7 8 9 10 | 10.0
Fighting       | 1 2 3 4 5 6 7 |  7.3
Throwing       | 1 2 3 4 5 6 7 |  7.1
Armour         | 1 2 3 4 5 6 |  6.0
Transmutations | 1 2 3 4 |  4.7
Evocations     | 2 3 4 |  4.6
Poison Magic   | 2 3 5 |  5.6
Invocations    | 1 3 4 |  4.6
Spellcasting   | 2 3 |  3.6
Translocations | 1 2 3 |  3.5
Dodging        | |  1.5
Stealth        | |  1.0
Conjurations   | |  2.9

Action                     |  1- 3 |  4- 6 |  7- 9 | 10-12 | 13-15 || total
---------------------------+-------+-------+-------+-------+-------++-------
  Melee: Unarmed           |   104 |   136 |   284 |   479 |   455 ||  1458
         Punch             |     1 |     1 |    10 |    33 |    49 ||    94
  Throw: Dart              |       |       |       |     1 |       ||     1
   Cast: Magic Dart        |       |     1 |     1 |       |       ||     2
         Wereblood         |       |       |       |     5 |    14 ||    19
         Blink             |       |       |       |     1 |     1 ||     2
         Olgreb's Toxic Ra |       |       |       |       |     1 ||     1
 Invoke: Ancestor Identity |       |       |     2 |       |       ||     2
         Ancestor Life: He |       |       |     1 |       |       ||     1
  Evoke: Wand              |       |       |       |     3 |     1 ||     4
         Phial of floods   |       |       |       |       |     2 ||     2
    Use: Potion            |       |       |       |     8 |     5 ||    13
         Scroll            |       |       |       |    16 |     5 ||    21
   Stab: Sleeping          |     2 |     1 |     1 |       |       ||     4
         Confused          |       |       |     1 |     9 |     9 ||    19
         Distracted        |       |       |     1 |     4 |     7 ||    12
 Armour: Robe              |    71 |    85 |    78 |       |       ||   234
         Fire dragon scale |       |       |   127 |   151 |       ||   278
         Skin              |       |       |       |    47 |       ||    47
         Swamp dragon scal |       |       |       |   342 |   493 ||   835
  Dodge: Dodged            |    33 |    63 |   107 |   179 |   164 ||   546
   Form: Beast             |     1 |       |       |       |       ||     1
                           |       |       |       |     1 |     1 ||     2
         Flux              |       |       |       |     1 |       ||     1
         Blade             |       |       |       |       |     1 ||     1

Levels and vault maps discovered:
D:1:      heliophobic_arrival_dark_side_of_the_moon, layout_basic,
          hangedman_decor_opposing
D:2:      layout_basic, serial_shops, shop, nicolae_shop_getting_attention,
          shop, nicolae_diamond_shop
D:3:      layout_basic, mainiacjoe_overflow_swirl
D:4:      layout_loops_corners, minmay_temple_entry_wispy, gup_sewer_entry_pipe,
          serial_shops, nicolae_shop_hallway_stairs, uniq_menkaure,
          uniq_eustachio, uniq_robin
D:5:      layout_cave_pods, uniq_grinder, uniq_prince_ribbit1, uniq_duvessa
D:6:      cheibrodos_helix_gallery, layout_loops_ring, uniq_blork_the_orc
D:7:      layout_basic, grunt_decor_clamped, nrook_uturn,
          amcnicky_mini_pool_small, nicolae_the_louvre, uniq_jeremiah
D:8:      nzn_winding_woodlands_small [nzn_winding_woodlands_5x15_sawtooth,
          nzn_winding_woodlands_center_pierced_h,
          nzn_winding_woodlands_5x15_river_crossing], layout_cave_pools,
          serial_shops, shop, uniq_amaemon
D:9:      layout_loops_ring, mainiacjoe_overflow_catwalk,
          ebering_ghost_disaster_area, serial_shops,
          nicolae_shop_overgrown_old_shop, uniq_maggie
D:10:     layout_basic
D:11:     layout_loops_corners, minmay_lair_entry_grove
D:12:     layout_loops_ring, david_orc_3, portal_ice_cave_rime, uniq_snorg
Temple:   hellmonk_temple_divided_pantheon
Lair:1:   layout_hall_layers, beast_lair_carwin_10, lemuel_fruit_fields
Lair:2:   layout_chaotic_city, hellmonk_spider_entry_life_and_decay, basic_altar
Lair:3:   layout_layer_cave, shoals_dummy_entry
Lair:4:   statuecave_lemuel, layout_hall_layers, dpeg_slime_entry_corner,
          grunt_megastairs_5, lemuel_fruit_fields, serial_bayou_shore_a
Lair:5:   cheibrodos_lair_end_hotspot, layout_gridlike, uniq_rupert

Notes
Turn   | Place    | Note
-------+----------+-------------------------------------------
     0 | D:1      | Jeffwins the Troll Conjurer began the quest for the Orb.
     0 | D:1      | Reached XP level 1. HP: 16/16 MP: 1/1
   308 | D:1      | Reached XP level 2. HP: 24/26 MP: 2/2
   338 | D:1      | Reached skill level 1 in Unarmed Combat
   354 | D:1      | Reached skill level 1 in Shapeshifting
   955 | D:2      | Found Uffez's Weapon Shop.
   992 | D:2      | Reached XP level 3. HP: 23/32 MP: 3/3
  1267 | D:2      | Reached skill level 1 in Fighting
  1290 | D:2      | Reached skill level 2 in Unarmed Combat
  1345 | D:2      | Reached skill level 2 in Shapeshifting
  1345 | D:2      | Reached XP level 4. HP: 30/41 MP: 4/4
  1496 | D:2      | Found Dogy's Distillery.
  1501 | D:2      | Bought a potion of mutation for 80 gold pieces
  1683 | D:2      | Found Seleucae's Antique Armour Boutique.
  1684 | D:2      | Found Dew Vil's Antique Armour Shoppe.
  2161 | D:3      | Found a glowing golden altar of the Shining One.
  2178 | D:3      | Found a burning altar of Makhleb.
  2237 | D:4      | Found Yfegiz's Distillery.
  2253 | D:4      | Reached XP level 5. HP: 40/48 MP: 5/5
  2267 | D:4      | Noticed Menkaure
  2280 | D:4      | Killed Menkaure
  2281 | D:4      | Reached skill level 3 in Unarmed Combat
  2281 | D:4      | Reached skill level 3 in Shapeshifting
  2291 | D:4      | Reached XP level 6. HP: 52/57 MP: 6/6
  2390 | D:4      | Reached skill level 2 in Fighting
  2416 | D:4      | Identified the +1 helmet "Gitae" {Harm MP+9}
  2416 | D:4      | Noticed Robin
  2440 | D:4      | Killed Robin
  2479 | D:4      | Noticed Eustachio
  2507 | D:4      | Killed Eustachio
  2508 | D:4      | Reached skill level 4 in Unarmed Combat
  2508 | D:4      | Reached skill level 4 in Shapeshifting
  2539 | D:4      | Reached XP level 7. HP: 41/66 MP: 7/7
  2617 | D:4      | Found a glowing drain.
  2630 | Sewer    | Entered a sewer
  2710 | Sewer    | Found a white marble altar of Elyvilon.
  2909 | D:4      | Identified the ring of Asiagow {rPois rF+ Will- Slay+3}
  2928 | D:4      | Reached skill level 5 in Unarmed Combat
  2975 | D:4      | Found a staircase to the Ecumenical Temple.
  3011 | Temple   | Found a transporter.
  3011 | Temple   | Found a transporter.
  3011 | Temple   | Found a transporter.
  3011 | Temple   | Found a transporter.
  3011 | Temple   | Entered the Ecumenical Temple
  3031 | Temple   | Became a worshipper of Hepliaklqana the Forgotten
  3483 | D:5      | Entered Level 5 of the Dungeon
  3643 | D:5      | Reached skill level 3 in Fighting
  3647 | D:5      | Noticed Grinder
  3665 | D:5      | Killed Grinder
  3666 | D:5      | Reached skill level 1 in Throwing
  3666 | D:5      | Reached skill level 1 in Armour
  3666 | D:5      | Reached skill level 5 in Shapeshifting
  3666 | D:5      | Reached XP level 8. HP: 55/75 MP: 8/8
  3697 | D:5      | Reached * piety under Hepliaklqana
  3914 | D:5      | Identified the +11 trident of the Enormous God {drain,
                  | Fragile rElec Will+}
  4106 | D:5      | Noticed Duvessa
  4107 | D:5      | Noticed Dowan
  4118 | D:5      | Killed Duvessa
  4119 | D:5      | Reached skill level 6 in Unarmed Combat
  4120 | D:5      | Killed Dowan
  4152 | D:5      | Noticed Prince Ribbit
  4167 | D:5      | Killed Prince Ribbit
  4168 | D:5      | Reached skill level 2 in Throwing
  4606 | D:6      | Noticed Blork the orc
  4617 | D:6      | Killed Blork the orc
  4689 | D:6      | Reached ** piety under Hepliaklqana
  4730 | D:6      | Remembered your ancestor Sosibius as a hexer
  4757 | D:6      | Reached skill level 2 in Armour
  4757 | D:6      | Reached skill level 6 in Shapeshifting
  4830 | D:6      | Reached XP level 9. HP: 75/75 MP: 9/9
  4854 | D:6      | Identified the -2 hat of Vanity {+Inv rElec Regen+ Slay+4}
  5177 | D:7      | Reached skill level 4 in Fighting
  5177 | D:7      | Reached skill level 7 in Unarmed Combat
  5258 | D:7      | Reached skill level 3 in Throwing
  5520 | D:7      | Identified the +0 flail of Fate {heavy, Drain +Blink rN+++
                  | MP-9 Stlth+}
  5620 | D:7      | Noticed Jeremiah
  5691 | D:7      | Killed Jeremiah
  5834 | D:7      | Reached skill level 7 in Shapeshifting
  5837 | D:7      | Learned a level 2 spell: Wereblood
  6034 | D:7      | Reached *** piety under Hepliaklqana
  6269 | D:8      | Noticed Amaemon
  6269 | D:8      | Noticed an orange demon
  6285 | D:7      | Killed Amaemon
  6286 | D:7      | Reached skill level 3 in Armour
  6286 | D:7      | Reached skill level 8 in Unarmed Combat
  6303 | D:8      | Killed an orange demon
  6304 | D:8      | Reached skill level 1 in Transmutations
  6304 | D:8      | Reached XP level 10. HP: 45/84 MP: 10/10
  6459 | D:8      | Reached skill level 4 in Throwing
  6511 | D:8      | Paralysed by a hornet for 1 turns
  6586 | D:8      | Reached skill level 1 in Evocations
  6610 | D:8      | Reached skill level 5 in Fighting
  6654 | D:8      | Noticed a cyclops
  6654 | D:8      | Noticed a two-headed ogre
  6675 | D:8      | Killed a cyclops
  6676 | D:8      | Reached skill level 8 in Shapeshifting
  6695 | D:8      | HP: 8/86 [two-headed ogre/+0 giant club (17)]
  6696 | D:8      | Killed a two-headed ogre
  6697 | D:8      | Reached skill level 4 in Armour
  6697 | D:8      | Reached skill level 9 in Unarmed Combat
  6697 | D:8      | Reached skill level 2 in Transmutations
  6706 | D:8      | HP: 6/129 [wight/+0 halberd (13)]
  6711 | D:8      | HP: 10/126 [wight/+0 halberd (4)]
  6900 | D:8      | Reached skill level 2 in Evocations
  6900 | D:8      | Reached XP level 11. HP: 92/93 MP: 11/11
  6913 | D:8      | Found Xyf Voim's Magic Scroll Emporium.
  6923 | D:8      | Bought a scroll of identify for 24 gold pieces
  6923 | D:8      | Bought a scroll of identify for 24 gold pieces
  6923 | D:8      | Bought a scroll of identify for 24 gold pieces
  6923 | D:8      | Bought a scroll of identify for 24 gold pieces
  6923 | D:8      | Bought a scroll of poison for 48 gold pieces
  6923 | D:8      | Bought a scroll of identify for 24 gold pieces
  6923 | D:8      | Bought a scroll of fog for 48 gold pieces
  6923 | D:8      | Bought 3 scrolls of teleportation for 108 gold pieces
  6935 | D:8      | Identified 2 potions of resistance
  7268 | D:9      | Found a broken altar of Ashenzari.
  7269 | D:9      | Reached **** piety under Hepliaklqana
  7383 | D:9      | Learned a level 4 spell: Olgreb's Toxic Radiance
  7390 | D:9      | Noticed Maggie
  7400 | D:9      | Killed Maggie
  7460 | D:9      | Found Gauthraug's Antique Armour Shop.
  7564 | D:9      | Noticed a two-headed ogre
  7573 | D:9      | Killed a two-headed ogre
  7574 | D:9      | Reached skill level 5 in Throwing
  7574 | D:9      | Reached skill level 1 in Poison Magic
  7818 | D:9      | Found a large runed translucent door.
  7818 | D:9      | Found a large runed translucent door.
  7822 | D:9      | Noticed timneilson's ghost (novice DECj)
  7830 | D:9      | Killed timneilson's ghost
  7960 | D:10     | Entered Level 10 of the Dungeon
  8007 | D:10     | Noticed a two-headed ogre
  8014 | D:10     | Killed a two-headed ogre
  8103 | D:10     | Learned a level 2 spell: Blink
  8163 | D:10     | Reached skill level 1 in Invocations
  8212 | D:10     | Reached skill level 2 in Poison Magic
  8642 | D:10     | Reached skill level 9 in Shapeshifting
  8736 | D:11     | Noticed a boulder beetle
  8736 | D:11     | Noticed a two-headed ogre
  8744 | D:10     | Killed a two-headed ogre
  8759 | D:11     | Killed a boulder beetle
  8760 | D:11     | Reached skill level 3 in Transmutations
  8858 | D:10     | Reached skill level 10 in Unarmed Combat
  8880 | D:10     | Reached skill level 2 in Spellcasting
  8880 | D:10     | Reached skill level 1 in Translocations
  8917 | D:11     | Reached XP level 12. HP: 101/101 MP: 14/14
  8927 | D:11     | Found a staircase to the Lair.
  8971 | D:11     | Reached skill level 6 in Fighting
  9016 | D:11     | Reached ***** piety under Hepliaklqana
  9610 | Lair:1   | Entered Level 1 of the Lair of Beasts
  9643 | D:12     | Noticed a boulder beetle
  9656 | D:12     | Killed a boulder beetle
  9657 | D:12     | Reached skill level 2 in Invocations
  9689 | D:12     | Reached skill level 3 in Evocations
  9705 | D:12     | Found a staircase to the Orcish Mines.
  9789 | D:12     | Reached skill level 3 in Poison Magic
  9849 | D:12     | Noticed Snorg
  9857 | D:12     | Reached skill level 5 in Armour
  9933 | D:12     | Found a frozen archway.
  9965 | IceCv    | Entered an ice cave
 10027 | IceCv    | Noticed a death yak
 10034 | IceCv    | Killed a death yak
 10076 | IceCv    | Noticed a death yak
 10076 | IceCv    | Noticed a death yak
 10109 | IceCv    | Killed a death yak
 10110 | IceCv    | Reached skill level 6 in Throwing
 10157 | IceCv    | Reached skill level 2 in Translocations
 10174 | IceCv    | Noticed a death yak
 10196 | IceCv    | Killed a death yak
 10256 | IceCv    | Noticed a death yak
 10256 | IceCv    | Noticed a death yak
 10256 | IceCv    | Noticed a death yak
 10301 | IceCv    | Killed a death yak
 10311 | IceCv    | Killed a death yak
 10372 | IceCv    | Killed a death yak
 10373 | IceCv    | Reached skill level 3 in Invocations
 10504 | IceCv    | Killed a death yak
 10505 | IceCv    | Reached XP level 13. HP: 109/109 MP: 10/16
 10600 | IceCv    | Noticed a frost giant
 10612 | IceCv    | Killed a frost giant
 10613 | IceCv    | Reached skill level 4 in Poison Magic
 10618 | IceCv    | Reached skill level 10 in Shapeshifting
 10929 | D:12     | Reached skill level 11 in Unarmed Combat
 11088 | D:12     | Killed Snorg
 11531 | Lair:1   | Reached skill level 3 in Spellcasting
 11531 | Lair:1   | Reached skill level 4 in Transmutations
 11819 | Lair:1   | Reached skill level 4 in Evocations
 12442 | Lair:2   | Found a shimmering blue altar of Sif Muna.
 12691 | Lair:2   | Reached skill level 7 in Fighting
 12691 | Lair:2   | Reached skill level 3 in Translocations
 12862 | Lair:2   | Reached skill level 4 in Invocations
 12869 | Lair:2   | Found a hole to the Spider Nest.
 13214 | Lair:3   | Reached ****** piety under Hepliaklqana
 13382 | Lair:3   | Reached skill level 5 in Poison Magic
 13393 | Lair:3   | Reached skill level 6 in Armour
 13787 | Lair:3   | Found a staircase to the Shoals.
 13893 | Lair:3   | Reached XP level 14. HP: 110/119 MP: 18/18
 14733 | Lair:3   | Reached skill level 7 in Throwing
 14801 | Lair:4   | HP: 6/119 [boulder beetle (16)]
 15377 | Lair:4   | Found a viscous altar of Jiyva.
 15377 | Lair:4   | Found a staircase to the Slime Pits.
 15585 | Lair:5   | Entered Level 5 of the Lair of Beasts
 15586 | Lair:5   | Noticed Rupert
 15614 | Lair:5   | Reached skill level 12 in Unarmed Combat
 15637 | Lair:5   | HP: 11/119 [ten-headed hydra (4)]
 15637 | Lair:5   | HP: 5/119 [ten-headed hydra (3)]
 15637 | Lair:5   | Slain by a ten-headed hydra

Vanquished Creatures
  A frost giant (IceCv)
  Snorg (D:12)
  5 two-headed ogres
  8 death yaks (IceCv)
  2 boulder beetles
  Amaemon (D:7)
  The ghost of timneilson the Thaumaturge, a novice DECj of Vehumet (D:9)
  A skyshark (Lair:3)
  2 deep elf pyromancers (D:12)
  3 cyclopes
  An ugly thing (D:12)
  4 elephants
  A black mamba (Lair:5)
  An ice statue (IceCv)
  An orange demon (D:8)
  10 cane toads
  A kobold demonologist (D:12)
  5 komodo dragons
  12 rime drakes
  3 unseen horrors
  Maggie (D:9)
  A tengu conjurer (D:8)
  A troll (D:9)
  A meliai (D:8)
  Prince Ribbit (D:5)
  5 polar bears
  Grinder (D:5)
  19 blink frogs
  2 slime creatures (D:12)
  5 culicivoras (Lair:2)
  39 yaks
  Eustachio (D:4)
  2 vampires
  4 wyverns
  3 steam dragons
  Menkaure (D:4)
  3 acid dragons
  Duvessa (D:5)
  15 water moccasins
  4 orc warriors
  2 black bears
  2 sky beasts
  An ogre (D:7)
  24 wolves
  2 centaurs
  A phantom (D:5)
  2 gnoll sergeants
  4 kobold brigands
  10 bullfrogs
  2 scorpions
  18 wights
  Dowan (D:5)
  12 killer bees
  5 howler monkeys
  2 electric eels
  7 hounds
  4 jellies
  3 orc priests
  3 hexers
  3 iguanas
  A sleepcap (D:4)
  7 orc wizards
  Robin (D:4)
  9 gnolls
  11 adders
  2 river rats (Sewer)
  A white imp (D:6)
  2 ufetubi (D:5)
  2 worms (D:2)
  2 dart slugs
  20 orcs
  5 bats
  4 endoplasms
  10 giant cockroaches
  11 hobgoblins
  3 jackals (Sewer)
  6 quokkas
  5 ball pythons
  3 frilled lizards
  14 goblins
  13 kobolds
  7 rats
421 creatures vanquished.

Vanquished Creatures (collateral kills)
  A hydra (Lair:2)
  A boulder beetle (D:12)
  A cyclops (D:11)
  2 black mambas
  3 elephants (Lair:2)
  2 cane toads (Lair:3)
  Jeremiah (D:7)
  2 komodo dragons
  A hornet (D:8)
  2 blink frogs
  2 slime creatures (D:12)
  A wraith (D:12)
  3 yaks
  A wyvern (D:10)
  A water moccasin (Lair:4)
  An acid dragon (D:12)
  A black bear (D:8)
  4 wolves
  Blork the orc (D:6)
  3 bullfrogs
  A wight (D:8)
  A killer bee (D:10)
  2 howler monkeys
  A hound (D:6)
  An orc priest (D:8)
  3 orc wizards
  2 gnolls (D:8)
  3 orcs
  2 butterflies (Lair:1)
50 creatures vanquished.

Vanquished Creatures (others)
  11 hexers
  An ancestor (D:5)
12 creatures vanquished.

Grand Total: 483 creatures vanquished

Table legend: (Time is in decaauts)
 A = Elapsed time spent in this place.
 B = Non-inter-level travel time spent in this place.
 C = Inter-level travel time spent in this place.
 D = Time resting spent in this place.
 E = Time spent auto-exploring this place.
 F = Levels seen in this place.
 G = Mean time per level.
                   A        B        C        D        E       F      G
               +--------+--------+--------+--------+--------+-----+--------+
         Total |  15441 |  14682 |    759 |    217 |  10923 |  20 |  772.0 |
       Dungeon |  10236 |   9633 |    603 |    123 |   7190 |  12 |  853.0 |
        Temple |     38 |     22 |     16 |      0 |      0 |   1 |   38.0 |
          Lair |   4226 |   4087 |    139 |     56 |   3289 |   5 |  845.2 |
         Sewer |    153 |    153 |      0 |      0 |    104 |   1 |  153.0 |
      Ice Cave |    786 |    786 |      0 |     38 |    340 |   1 |  786.0 |
               +--------+--------+--------+--------+--------+-----+--------+

Top non-repeatable levels by time:
  Lair:3: 1401 daAuts
     D:7: 1126 daAuts
     D:4: 1042 daAuts
     D:1: 998 daAuts
  Lair:1: 976 daAuts
  Lair:4: 974 daAuts
     D:8: 950 daAuts
    D:12: 862 daAuts
     D:5: 861 daAuts
    D:11: 846 daAuts
     D:2: 832 daAuts
    D:10: 832 daAuts
  Lair:2: 832 daAuts
   IceCv: 786 daAuts
     D:6: 785 daAuts

Table legend:
 A = Non-vault XP
 B = Vault XP
 C = Vault XP percentage of total XP
 D = Non-vault monster count
 E = Vault monster count
 F = Vault count percentage of total count
                 A         B        C        D         E       F
            +---------+---------+-------+---------+---------+-------
      Total |   48544 |   30056 |  38.2 |     328 |     138 |  29.6
            +---------+---------+-------+---------+---------+-------
        D:1 |      36 |       0 |   0.0 |      22 |       0 |   0.0
        D:2 |     105 |       0 |   0.0 |      23 |       0 |   0.0
        D:3 |      23 |       0 |   0.0 |       6 |       0 |   0.0
        D:4 |     375 |     410 |  52.2 |      29 |      21 |  42.0
        D:5 |     465 |     765 |  62.2 |      15 |       4 |  21.1
        D:6 |     590 |     226 |  27.7 |       9 |       3 |  25.0
        D:7 |     936 |    1157 |  55.3 |      19 |       2 |   9.5
        D:8 |    1755 |    4700 |  72.8 |      28 |      24 |  46.2
        D:9 |    2652 |    1104 |  29.4 |      16 |       2 |  11.1
       D:10 |    3747 |    1117 |  23.0 |      19 |       6 |  24.0
       D:11 |    2651 |     826 |  23.8 |       8 |       5 |  38.5
       D:12 |    6297 |    1781 |  22.0 |      23 |       7 |  23.3
     Lair:1 |    6141 |    2028 |  24.8 |      26 |       9 |  25.7
     Lair:2 |    4595 |    1111 |  19.5 |      13 |       5 |  27.8
     Lair:3 |    9681 |     703 |   6.8 |      38 |       2 |   5.0
     Lair:4 |    7702 |       0 |   0.0 |      31 |       0 |   0.0
     Lair:5 |     793 |       0 |   0.0 |       3 |       0 |   0.0
      Sewer |       0 |     128 | 100.0 |       0 |      11 | 100.0
      IceCv |       0 |   14000 | 100.0 |       0 |      37 | 100.0
            +---------+---------+-------+---------+---------+-------
